 Dungeon Sprint DCSS version 0.21-a0-238-geb0acef (webtiles) character file.

202 Kidiri the Thaumaturge (level 5, 0/29 HPs)
             Began as a Deep Elf Fire Elementalist on Sept 2, 2017.
             Was an Initiate of Vehumet.
             Killed from afar by a deep elf mage (27 damage)
             ... with a lance of force
             ... in the Dungeon (Sprint III: "The Ten Rune Challenge").
             The game lasted 00:03:07 (690 turns).

Kidiri the Thaumaturge (Deep Elf Fire Elementalist)  Turns: 690, Time: 00:03:08

Health: 0/29       AC:  2    Str:  3    XL:     5   Next: 50%
Magic:  16/19      EV: 15    Int: 21    God:    Vehumet [......]
Gold:   47         SH:  0    Dex: 15    Spells: 6/24 levels left

rFire    . . .     SeeInvis .   k - +0 dagger
rCold    . . .     Gourm    .   (no shield)
rNeg     . . .     Faith    .   a - +0 robe
rPois    .         Spirit   .   (helmet restricted)
rElec    .         Reflect  .   (no cloak)
rCorr    .         Harm     .   (no gloves)
MR       .....     NoTele   +   (no boots)
Stlth    ++........             (no amulet)
HPRegen  0.09/turn              (no ring)
MPRegen  0.16/turn              (no ring)

@: no status effects
A: horns 1, talons 1, repulsion field 1, weak 1
a: Renounce Religion


You were in the Dungeon.
You worshipped Vehumet.
Vehumet was noncommittal.
You were not hungry.

You visited 1 branch You collected 47 gold pieces.

Inventory:

Hand Weapons
 k - a +0 dagger (weapon)
Armour
 a - a +0 robe (worn)
Scrolls
 i - a scroll of blinking
 l - a scroll of immolation
 m - 2 scrolls of identify
 p - a scroll of holy word
 q - 2 scrolls of remove curse
Potions
 e - a potion of heal wounds
 f - a potion of haste
 g - 2 potions of magic
 h - a potion of berserk rage
 o - 4 potions of flight
 r - a potion of curing
Comestibles
 c - a bread ration
 d - 3 chunks of flesh
 n - 3 royal jellies


   Skills:
 + Level 1.0 Fighting
 + Level 1.4 Short Blades
 + Level 1.1 Armour
 + Level 3.1 Dodging
 - Level 2.4 Stealth
 * Level 10.4 Spellcasting
 + Level 5.9 Conjurations
 + Level 6.9 Fire Magic


You had 6 spell levels left.
You knew the following spells:

 Your Spells              Type           Power        Failure   Level  Hunger
a - Flame Tongue          Conj/Fire      #####        1%          1    None
b - Throw Flame           Conj/Fire      #####.       1%          2    None
c - Conjure Flame         Conj/Fire      #####...     1%          3    None
d - Inner Flame           Hex/Fire       ####....     4%          3    None
e - Sticky Flame          Conj/Fire      #####...     4%          4    ##.....
f - Fireball              Conj/Fire      #####.....   12%         5    ####...


Dungeon Overview and Level Annotations

Branches:
Dungeon (1/1)

Altars:
Elyvilon
Kikubaaqudgha
Sif Muna
Vehumet
Zin
The Shining One


Innate Abilities, Weirdness & Mutations

You have a pair of small horns on your head.
You have sharp toenails.
You are surrounded by a mild repulsion field. (EV +2)
You are weak. (Str -2)


Message History

Unknown command.
Casting: Flame Tongue
Confirm with . or Enter, or press ? or * to list all spells.
Aiming: Sticky Flame
Press: ? - help, Shift-Dir - straight line, f - deep elf mage
Aim: a deep elf mage, wielding a long sword of holy wrath The sticky flame hits the deep elf mage.
The deep elf mage is lightly wounded.
The deep elf mage is covered in liquid flames!
The deep elf mage burns!
The deep elf mage hits you with a long sword of holy wrath.
Unknown command.
The deep elf mage burns!
There is an open door here.
You close the door.
Something unseen opens the door.
Unknown command.
The deep elf mage points at you and mumbles some strange words.
The lance of force hits you!
Ouch! That really hurt!
You die...

▓▓▓▓▓▓▓▓ ▓▓▓ .+...♣.♣♣
♣.##### .#......♣
♣.#_*_# ##......♣
♣.#!e.#
.#....≈♣♣♣♣♣.###'#+###+#
.#...≈≈♣.♣♣..#..@.......
.#..≈≈≈≈.♣♣♣.'.⌠........
'#..≈≈≈≈≈≈.♣.#...######+
.#.≈≈≈≈≈≈....#.⌠.#
.#.≈≈≈≈≈.....#...#
.#.≈≈≈.......#+###
##...........#.):#
.............#___#
▓▓▓▓▓▓▓▓▓▓▓▓▓▓▓▓▓▓


You could see a deep elf mage and a battlesphere.

Vanquished Creatures
  A water elemental (D)
  A scorpion (D)
  A wizard (D)
  Jessica (D)
  A human (D)
  A kobold demonologist (D)
  2 rats (D)
8 creatures vanquished.

Vanquished Creatures (others)
  2 draconian scorchers (D)
  A yaktaur (D)
  6 hellions (D)
  An electric eel (D)
  3 plants (D)
13 creatures vanquished.

Grand Total: 21 creatures vanquished

Notes
Turn   | Place    | Note
-------+----------+-------------------------------------------
     0 | D        | Kidiri the Deep Elf Fire Elementalist began the quest for the Orb.
     0 | D        | Reached XP level 1. HP: 10/10 MP: 6/6
    66 | D        | Killed an electric eel
    81 | D        | Noticed Jessica
    85 | D        | Killed Jessica
    85 | D        | Reached skill level 6 in Spellcasting
    85 | D        | Reached XP level 2. HP: 15/15 MP: 3/11
    89 | D        | Learned a level 2 spell: Throw Flame
    93 | D        | Killed a hellion
    94 | D        | Killed a hellion
    94 | D        | Killed a hellion
    96 | D        | Killed a hellion
   140 | D        | Killed a white draconian scorcher
   157 | D        | Killed a hellion
   183 | D        | Noticed a scorpion
   194 | D        | Killed a white draconian scorcher
   197 | D        | Killed a scorpion
   197 | D        | Reached skill level 7 in Spellcasting
   197 | D        | Reached skill level 5 in Fire Magic
   197 | D        | Reached XP level 3. HP: 9/19 MP: 4/14
   197 | D        | Reached XP level 4. HP: 11/24 MP: 4/15
   229 | D        | Learned a level 3 spell: Conjure Flame
   233 | D        | Learned a level 3 spell: Inner Flame
   238 | D        | Learned a level 4 spell: Sticky Flame
   239 | D        | Killed a hellion
   244 | D        | Gained mutation: You are clumsy. (Dex -2) [potion of mutation]
   244 | D        | Gained mutation: You are frail. (-10% HP) [potion of mutation]
   244 | D        | Gained mutation: You are surrounded by a mild repulsion field. (EV +2) [potion of mutation]
   245 | D        | Lost mutation: You are frail. (-10% HP) [potion of mutation]
   245 | D        | Lost mutation: You are surrounded by a mild repulsion field. (EV +2) [potion of mutation]
   245 | D        | Gained mutation: Your natural rate of healing is unusually fast. [potion of mutation]
   245 | D        | Gained mutation: You are covered in fur. (AC +1) [potion of mutation]
   246 | D        | Lost mutation: Your natural rate of healing is unusually fast. [potion of mutation]
   246 | D        | Lost mutation: You are clumsy. (Dex -2) [potion of mutation]
   246 | D        | Lost mutation: You are covered in fur. (AC +1) [potion of mutation]
   246 | D        | Gained mutation: You have a pair of small horns on your head. [potion of mutation]
   246 | D        | Gained mutation: You are weak. (Str -2) [potion of mutation]
   246 | D        | Gained mutation: You have sharp toenails. [potion of mutation]
   246 | D        | Gained mutation: You are surrounded by a mild repulsion field. (EV +2) [potion of mutation]
   377 | D        | Killed a yaktaur
   494 | D        | Reached skill level 8 in Spellcasting
   529 | D        | Noticed a water elemental
   532 | D        | Killed a water elemental
   532 | D        | Reached skill level 10 in Spellcasting
   532 | D        | Reached skill level 5 in Conjurations
   532 | D        | Reached XP level 5. HP: 28/28 MP: 10/19
   540 | D        | Learned a level 5 spell: Fireball
   584 | D        | Found a radiant altar of Vehumet.
   585 | D        | Found a deep blue altar of Sif Muna.
   585 | D        | Found an ancient bone altar of Kikubaaqudgha.
   587 | D        | Reached skill level 1 in Short Blades
   590 | D        | Reached skill level 1 in Fighting
   590 | D        | Reached skill level 1 in Armour
   601 | D        | Became a worshipper of Vehumet
   681 | D        | Found a glowing silver altar of Zin.
   682 | D        | Found a glowing golden altar of the Shining One.
   682 | D        | Found a white marble altar of Elyvilon.
   682 | D        | Noticed a deep elf mage
   690 | D        | Killed from afar by a deep elf mage

Vault maps used:
D:        dungeon_sprint_mu

Skill      XL: |  1  2  3  4  5 |
---------------+----------------+-----
Spellcasting   | 6 7 10 | 10.4
Conjurations   | 3 4 5 |  5.9
Fire Magic     | 4 5 6 |  6.9
Short Blades   | 1 |  1.4
Fighting       | 1 |  1.0
Armour         | 1 |  1.1
Dodging        | 3 |  3.1
Stealth        | |  2.4

Action                   |  1- 3 |  4- 6 || total
-------------------------+-------+-------++-------
Melee: Dagger            |       |     1 ||     1
       Kick              |       |     1 ||     1
 Cast: Flame Tongue      |    12 |     7 ||    19
       Conjure Flame     |       |     1 ||     1
       Throw Flame       |       |     1 ||     1
       Sticky Flame      |       |     3 ||     3
  Use: Potion            |     1 |     3 ||     4
       Scroll            |       |     2 ||     2
 Stab: Sleeping          |       |     1 ||     1
Armor: Robe              |       |     1 ||     1
Dodge: Dodged            |     3 |     4 ||     7

Table legend:
 A = Spawn XP
 B = Non-spawn XP
 C = Spawn XP percentage of total XP
 D = Spawn monster count
 E = Non-spawn monster count
 F = Spawn count percentage of total count
 G = Total turns spent on level
                    A         B        C        D         E        F      G
               +---------+---------+-------+---------+---------+-------+---------
         Total |       0 |     289 |   0.0 |       0 |       8 |   0.0 |   690
               +---------+---------+-------+---------+---------+-------+---------
             D |       0 |     289 |   0.0 |       0 |       8 |   0.0 |   690
               +---------+---------+-------+---------+---------+-------+---------
